 Dungeon Crawl Stone Soup version 5.7-8-g3a8b389 (webtiles) character file.

434 Sir the Poker (level 8, -3/61 HPs)
             Began as a Demonspawn Skald on Sept 3, 2018.
             Was a Follower of Yredelemnul.
             Slain by a wyvern zombie (9 damage)
             ... on level 5 of the Dungeon.
             The game lasted 00:14:00 (6860 turns).

Sir the Poker (Demonspawn Skald)                    Turns: 6860, Time: 00:14:01

Health: -3/61      AC:  4 (24%)Str: 14  XL:     8   Next: 21%
Magic:  11/11      EV:  7    Int: 15    God:    Yredelemnul [1*[34]]
Gold:   231        SH:  3    Dex: 12    Spells: 8/14 levels left

rFire    . . .     SeeInvis .   a - +0 spear
rCold    . . .     Faith    .   (no shield)
rNeg     . . .     Spirit   .   h - +0 ring mail
rPois    .         Reflect  +   (no helmet)
rElec    .         Clarity  +   (no cloak)
rCorr    .                      (no gloves)
MR       +....                  (no boots)
Stlth    +.........             (no amulet)
Regen    0.2/turn               (no ring)
MPRegen  0.2/turn               (no ring)

@: no status effects
A: slimy green scales 1, clarity, demonic guardian 2, magic resistance 1, robust
1, crystal skin, reflection, exposed, tiny mouth 1
a: Stop Singing, Injury Mirror, Renounce Religion


You were on level 5 of the Dungeon.
You worshipped Yredelemnul.
Yredelemnul was aware of your devotion.
You were not hungry.

You visited 1 branch of the dungeon, and saw 5 of its levels.

You collected 231 gold pieces.

Inventory:

Hand Weapons
 a - a +0 spear (weapon)
Missiles
 i - 128 poisoned darts (quivered)
 l - 14 frenzy darts
Armour
 b - a +0 leather armour
 h - a +0 ring mail (worn)
Jewellery
 k - an uncursed ring of protection from magic
Wands
 g - a wand of enslavement (8)
 m - a wand of slimification (3)
Scrolls
 d - 3 scrolls of blinking
 j - a scroll of amnesia
 o - a scroll of magic mapping
Potions
 c - a potion of lignification
 e - a potion of flight
 f - a potion of haste
 n - a potion of resistance


   Skills:
 - Level 2.0 Fighting
 * Level 6.6 Polearms
 - Level 2.1 Armour
 - Level 0.8 Dodging
 + Level 5.7 Charms
 + Level 5.5 Invocations


You had 8 spell levels left.
You knew the following spells:

 Your Spells              Type           Power        Failure   Level  Hunger
a - Infusion              Chrm           17 (25)      5%          1    N/A
b - Regeneration          Chrm/Necr      8 (200)      45%         3    N/A
c - Song of Slaying       Chrm           17 (100)     8%          2    N/A

Your spell library contained the following spells:

 Spells                   Type           Power        Failure   Level  Hunger
 Fireball                 Fire           0 (200)      100%        5    N/A
 Conjure Flame            Fire/Air       0 (100)      85%         3    N/A
 Confuse                  Hex            0 (100)      85%         3    N/A
 Sticky Flame             Fire           0 (100)      99%         4    N/A
 Ozocubu's Armour         Chrm/Ice       8 (100)      86%         4    N/A
 Tukima's Dance           Hex            0 (100)      85%         3    N/A
 Flame Tongue             Fire           0 (40)       47%         1    N/A
 Ensorcelled Hibernation  Hex/Ice        0 (50)       63%         2    N/A
 Corona                   Hex            0 (90)       47%         1    N/A
 Dazzling Spray           Hex/Fire       0 (50)       85%         3    N/A
 Spectral Weapon          Chrm/Summ      8 (100)      99%         5    N/A
 Searing Ray              Fire           0 (50)       63%         2    N/A

Dungeon Overview and Level Annotations

Branches:
Dungeon (5/15)

Altars:
Jiyva
Lugonu
Makhleb
Trog
Vehumet
Yredelemnul
The Shining One


Innate Abilities, Weirdness & Mutations

You are partially covered in slimy green scales. (AC +2)
A demonic guardian rushes to your aid.
Your crystalline skin blocks enemy attacks. (SH +6)
Your crystalline skin reflects projectiles.
You possess an exceptional clarity of mind.
You are resistant to hostile enchantments. (MR+)
You are robust. (+10% HP)
You are less able to defend yourself (AC -3, EV -3, SH - 3).
Potions take you a little longer to quaff.


Message History

The wyvern zombie bites you (3).
* * * LOW HITPOINT WARNING * * *
Unknown command.
Unknown command.
The wyvern zombie closely misses you. The wyvern zombie bites you (7)!
* * * LOW HITPOINT WARNING * * *
You barely miss the wyvern zombie.
The wyvern zombie is almost destroyed.
The wyvern zombie bites you (5).
* * * LOW HITPOINT WARNING * * *
Unknown command.
Really quaff through your tiny mouth while enemies are nearby? [Y]es or [N]o only, please.
Really quaff through your tiny mouth while enemies are nearby?
Okay, then.
Unknown command.
The wyvern zombie bites you (9)!
You die...
Your body rises from the dead as a mindless zombie.

≈≈≈≈≈≈ #################
≈≈≈≈≈≈
≈≈≈≈≈≈≈≈≈≈≈≈≈≈≈≈#####≈≈≈≈≈≈
≈≈≈≈≈≈≈≈≈≈≈≈≈≈≈≈≈≈≈≈≈≈≈≈≈≈≈
≈≈≈≈≈≈≈≈≈≈≈≈≈≈≈≈≈≈≈≈≈≈≈≈≈≈≈
≈≈≈≈≈≈≈≈≈≈≈≈.≈≈.≈≈.≈..≈≈≈..
...........................
..............5Z@.$../.....
....>.#.###..####..........
......#..##.## ##.#########
##.##....##.####..#
...#..........5..##
...#......########
..........# #.#.......#
#.#.......#


You could see a crimson imp and a wyvern zombie.

Vanquished Creatures
  A slime creature (D:4)
  An ogre (D:4)
  A scorpion (D:4)
  A howler monkey (D:4)
  A hound (D:4)
  A jelly (D:5)
  Natasha (thrice) (D:3)
  2 worker ants (D:4)
  7 adders
  2 oozes (D:1)
  2 dart slugs (D:1)
  6 orcs
  8 quokkas
  8 bats
  7 giant cockroaches
  7 goblins
  9 hobgoblins
  4 jackals (D:1)
  2 ball pythons
  5 frilled lizards
  8 kobolds
  2 quokka skeletons (D:4)
  9 rats
97 creatures vanquished.

Vanquished Creatures (collateral kills)
  A slime creature (D:4)
  Grinder (D:5)
  A scorpion (D:4)
  An orc wizard (D:3)
  A worker ant (D:3)
  An adder (D:5)
6 creatures vanquished.

Vanquished Creatures (others)
  A rat (D:3)
1 creature vanquished.

Grand Total: 104 creatures vanquished

Notes
Turn   | Place    | Note
-------+----------+-------------------------------------------
     0 | D:1      | Sir the Demonspawn Skald began the quest for the Orb.
     0 | D:1      | Reached XP level 1. HP: 16/16 MP: 2/2
    25 | D:1      | Reached skill level 1 in Armour
    47 | D:1      | Reached skill level 2 in Polearms
    64 | D:1      | Gained mutation: Your crystalline skin blocks enemy attacks. (SH +6) [demonic ancestry]
    64 | D:1      | Reached XP level 2. HP: 19/22 MP: 0/2
   151 | D:1      | Gained mutation: You are partially covered in slimy green scales. (AC +2) [demonic ancestry]
   151 | D:1      | Reached XP level 3. HP: 27/27 MP: 2/4
   161 | D:1      | Learned a level 3 spell: Regeneration
   162 | D:1      | Learned a level 2 spell: Song of Slaying
   748 | D:1      | Gained mutation: Scrolls take you a little longer to read. [potion of mutation]
   748 | D:1      | Lost mutation: Scrolls take you a little longer to read. [potion of mutation]
   749 | D:1      | Gained mutation: You are robust. (+10% HP) [potion of mutation]
   749 | D:1      | Gained mutation: You are less able to defend yourself (AC -3, EV -3, SH - 3). [potion of mutation]
   749 | D:1      | Gained mutation: You are resistant to hostile enchantments. (MR+) [potion of mutation]
  1135 | D:2      | Found a bloodstained altar of Trog.
  1185 | D:2      | Reached skill level 3 in Polearms
  1185 | D:2      | Gained mutation: A weak demonic guardian rushes to your aid. [demonic ancestry]
  1185 | D:2      | Reached XP level 4. HP: 29/36 MP: 5/5
  1410 | D:2      | Found a basalt altar of Yredelemnul.
  1417 | D:2      | Became a worshipper of Yredelemnul the Dark
  1720 | D:2      | Found a faded altar of an unknown god.
  1747 | D:2      | HP: 1/36 [adder (3)]
  1749 | D:2      | Reached skill level 1 in Invocations
  2317 | D:2      | Found a corrupted altar of Lugonu.
  2608 | D:2      | Gained mutation: Potions take you a little longer to quaff. [mutagenic hatch]
  2608 | D:3      | Found a radiant altar of Vehumet.
  2640 | D:3      | Reached XP level 5. HP: 36/41 MP: 6/6
  2651 | D:3      | Found a burning altar of Makhleb.
  2711 | D:3      | HP: 1/41 [worker ant (4)]
  3393 | D:3      | Noticed Natasha
  3402 | D:3      | Killed Natasha
  3402 | D:3      | Reached skill level 4 in Polearms
  3572 | D:3      | Found a burning altar of Makhleb.
  3653 | D:3      | Noticed Natasha
  3662 | D:3      | Killed Natasha
  3919 | D:3      | Noticed Natasha
  3930 | D:3      | Killed Natasha
  3930 | D:3      | Gained mutation: Your crystalline skin reflects projectiles. [demonic ancestry]
  3930 | D:3      | Reached XP level 6. HP: 39/48 MP: 8/8
  3964 | D:4      | Noticed a slime creature
  3964 | D:4      | a worker ant changed into a slime creature
  3972 | D:4      | Found a viscous altar of Jiyva.
  4587 | D:4      | Found a corrupted altar of Lugonu.
  4657 | D:4      | Found a glowing golden altar of the Shining One.
  4665 | D:4      | Reached skill level 5 in Polearms
  5066 | D:4      | Reached XP level 7. HP: 50/55 MP: 9/9
  5351 | D:4      | Reached * piety under Yredelemnul
  5396 | D:4      | Noticed a slime creature
  5396 | D:4      | a worker ant changed into a slime creature
  5908 | D:4      | Found a corrupted altar of Lugonu.
  6154 | D:4      | Killed a slime creature
  6154 | D:4      | Reached skill level 5 in Charms
  6454 | D:4      | Found a viscous altar of Jiyva.
  6596 | D:4      | Killed a slime creature
  6596 | D:4      | Reached skill level 6 in Polearms
  6596 | D:4      | Reached skill level 5 in Invocations
  6765 | D:4      | Gained mutation: You possess an exceptional clarity of mind. [mutagenic hatch]
  6765 | D:5      | Entered Level 5 of the Dungeon
  6799 | D:5      | Gained mutation: A demonic guardian rushes to your aid. [demonic ancestry]
  6799 | D:5      | Reached XP level 8. HP: 59/61 MP: 11/11
  6825 | D:5      | Noticed Grinder
  6833 | D:5      | Killed Grinder
  6860 | D:5      | Slain by a wyvern zombie

Skill      XL: |  1  2  3  4  5  6  7 |
---------------+----------------------+-----
Armour         | 1 2 |  2.1
Polearms       | 2 3 4 5 6 |  6.6
Charms         | 4 5 |  5.7
Invocations    | 1 2 3 5 |  5.5
Fighting       | |  2.0
Dodging        | |  0.8

Action                   |  1- 3 |  4- 6 |  7- 9 || total
-------------------------+-------+-------+-------++-------
Melee: Spear             |   157 |   246 |    87 ||   490
Throw: Poisoned dart     |       |       |     8 ||     8
 Cast: Infusion          |     1 |       |       ||     1
       Song of Slaying   |     1 |     5 |     1 ||     7
 Abil: End Infusion      |     1 |       |       ||     1
       Stop Singing      |       |     5 |     1 ||     6
Evoke: Wand              |       |     5 |     1 ||     6
  Use: Potion            |     2 |       |     1 ||     3
       Scroll            |       |     1 |       ||     1
 Stab: Sleeping          |       |     1 |       ||     1
       Distracted        |       |       |     1 ||     1
Armor: Leather armour    |    13 |     7 |       ||    20
       Ring mail         |       |    31 |    13 ||    44
Dodge: Dodged            |    35 |    70 |    23 ||   128
Block: Other             |    17 |    18 |     8 ||    43
